 Dungeon Crawl Stone Soup version 0.28.0-47-ge53b351184 (webtiles) character file.

Game seed: 13799937429154609602

2249 winsomniak the Covered (level 9, -3/64 (65) HPs)
             Began as a Human Wanderer on May 1, 2022.
             Was a Follower of Nemelex Xobeh.
             Killed from afar by a steam dragon (6 damage)
             ... with a ball of steam
             ... on level 7 of the Dungeon.
             The game lasted 02:06:04 (10436 turns).

winsomniak the Covered (Human Wanderer)            Turns: 10436, Time: 02:06:06

HP:   -3/64 (65)    AC:  8    Str: 18    XL:     9   Next: 63%
MP:   15/15         EV: 12    Int: 14    God:    Nemelex Xobeh [*.....]
Gold: 472           SH:  0    Dex: 10    Spells: 12/16 levels left

rFire   + . .      SeeInvis .   c - +5 great sword
rCold   + . .      Faith    .   (shield currently unavailable)
rNeg    . . .      Spirit   .   o - +0 leather armour {rF+}
rPois   .          Reflect  .   f - +0 helmet
rElec   .          Harm     .   (no cloak)
rCorr   .          Rampage  .   (no gloves)
Will    .....                   D - +2 pair of boots
Stlth   ++........              A - amulet of the acrobat
HPRegen 0.20/turn               e - ring of protection from cold
MPRegen 0.14/turn               (no ring)

@: lightly drained
A: no striking features
a: Renounce Religion, Draw Escape, Draw Destruction, Draw Summoning


You were on level 7 of the Dungeon.
You worshipped Nemelex Xobeh.
Nemelex Xobeh was aware of your devotion.
You visited 2 branches of the dungeon, and saw 8 of its levels.
You also visited: Sewer.

You collected 906 gold pieces.
You spent 120 gold pieces at shops.
You paid 314 gold pieces to Gozag.

Inventory:

Hand Weapons
 a - a +0 vorpal shortbow
 c - a +5 great sword (weapon)
 n - a +1 whip of electrocution
 s - a +2 dagger of venom
 z - a +2 vorpal war axe
 I - a +3 spear
Missiles
 b - 126 arrows
 E - 2 throwing nets
 G - 5 boomerangs (quivered)
 K - 6 atropa-tipped darts
Armour
 f - a +0 helmet (worn)
 o - a +0 leather armour of fire resistance (worn)
 D - a +2 pair of boots (worn)
 J - a +0 kite shield
Magical Staves
 x - a staff of poison
Jewellery
 e - a ring of protection from cold (left hand)
 A - an amulet of the acrobat (around neck)
 C - an amulet of the acrobat
Wands
 g - a wand of flame (5)
 j - a wand of iceblast (9)
 r - a wand of mindburst (13)
 v - a wand of paralysis (1)
Scrolls
 h - 9 scrolls of identify {unknown}
 i - a scroll of magic mapping
 k - a scroll of blinking {unknown}
 p - a scroll of vulnerability {unknown}
 q - 3 scrolls of acquirement {unknown}
 u - 2 scrolls of enchant armour {unknown}
 y - 2 scrolls of noise
 H - a scroll of fog {unknown}
Potions
 d - 2 potions of cancellation
 l - 4 potions of flight
 m - a potion of might
 t - a potion of mutation


   Skills:
 + Level 4.0 Fighting
 - Level 1.1(1.3) Axes
 - Level 0.5(1.0) Maces & Flails
 - Level 0.5(1.0) Polearms
 - Level 5.0 Bows
 + Level 6.0 Armour
 + Level 4.0 Dodging
 + Level 4.3 Stealth
 + Level 4.4 Spellcasting
 + Level 4.1 Translocations
 * Level 4.1 Invocations


You had 12 spell levels left.
You knew the following spells:

 Your Spells              Type           Power      Damage    Failure   Level
a - Apportation           Tloc           28%        N/A       3%          1
b - Lesser Beckoning      Tloc           14%        N/A       12%         3

Your spell library contained the following spells:

 Spells                   Type           Power      Damage    Failure   Level
 Summon Forest            Summ/Tloc      4%         N/A       94%         5
 Eringya's Noxious Bog    Tmut/Pois      1%         N/A       100%        6
 Summon Hydra             Summ           1%         N/A       100%        7


Dungeon Overview and Level Annotations

Branches:
Dungeon (7/15)             Temple (1/1) D:7           Sewer (visited)

Altars:
Ashenzari
Cheibriados
Elyvilon
Fedhas
Gozag
Hepliaklqana
Kikubaaqudgha
Makhleb
Nemelex Xobeh
Okawaru
Qazlal
Sif Muna
Trog
Uskayaw
Vehumet
Wu Jian
Xom
Yredelemnul
Zin
The Shining One

Shops:
D:5 *


Message History

The steam dragon breathes steam at you.
The ball of steam hits you but does no damage.
You resist. The steam dragon bites you. The steam dragon claws you.
The steam dragon breathes steam at you. The ball of steam hits you. You resist.
You slash the steam dragon!
The steam dragon is almost dead.
The steam dragon closely misses you. The steam dragon claws you.
The steam dragon bites you! The steam dragon barely misses you.
You closely miss the steam dragon.
The steam dragon is almost dead.
The steam dragon completely misses you.
The steam dragon claws you but does no damage.
You closely miss the steam dragon.
The steam dragon is almost dead.
The steam dragon breathes steam at you. The ball of steam hits you. You resist.
The steam dragon bites you.
* * * LOW HITPOINT WARNING * * *
The steam dragon claws you.
* * * LOW HITPOINT WARNING * * *
You barely miss the steam dragon.
The steam dragon is almost dead.
The steam dragon bites you!
* * * LOW HITPOINT WARNING * * *
The steam dragon barely misses you. The steam dragon bites you.
* * * LOW HITPOINT WARNING * * *
The steam dragon misses you.
Aiming: Paralyse
Press: ? - help, Shift-Dir - straight line, f - steam dragon
Aim: a steam dragon (almost dead, chance to affect: 49%)
The steam dragon resists with some effort.
The steam dragon barely misses you. x2
Aiming: Paralyse
Press: ? - help, Shift-Dir - straight line, f/p - steam dragon
Aim: a steam dragon (almost dead, chance to affect: 49%)
The steam dragon resists with some effort.
The steam dragon breathes steam at you. The ball of steam hits you. You resist.
You die...
Your body disappears without a glow.

.........#.# #..#.#.#.#
.........#.########......#.#
.........#.##.(......#####.#
.........#.##.#####.#....#.#
###
#####......##.§§....#.##.#.#
#.. ##########..§####.##.#.#
#.. .............##.#z# #..
####### #####...#######.#.#
### ......#######..@#
#....#z# #.............D#
#.####.# #..............#
#z# #.# ####
#............### #.# #[#
#... #............# #§# #.#
#...
#............######D####.#
#...
#............##....§§D§..#
####
#............##.....§.§..# #
#.....z......##..........# #


You could see a steam dragon (catching breath).

Vanquished Creatures
  Pikel (D:5)
  Sigmund (D:5)
  2 black bears
  An ogre (D:5)
  A centaur (D:6)
  A bullfrog (D:6)
  A gnoll sergeant (D:5)
  6 wights
  A howler monkey (D:5)
  A bullfrog zombie (D:5)
  2 bullfrog skeletons
  A centaur skeleton (D:6)
  A gnoll shaman (D:5)
  3 hounds
  3 jellies
  2 iguanas (D:5)
  An orc wizard (D:6)
  Ijyb (D:3)
  A scorpion zombie (D:5)
  A merfolk siren (Sewer)
  A merfolk avatar (Sewer)
  A killer bee zombie (D:6)
  A hound skeleton (D:5)
  12 gnolls
  3 river rats
  4 adders
  A shadow imp (D:6)
  An ufetubus (D:5)
  An adder skeleton (D:5)
  2 worms (D:4)
  A dart slug (D:4)
  9 orcs
  7 endoplasms
  8 giant cockroaches
  7 hobgoblins
  3 jackals (D:3)
  7 kobolds
  7 quokkas
  15 ball pythons
  5 bats
  4 frilled lizards
  9 goblins
  31 rats
172 creatures vanquished.

Vanquished Creatures (collateral kills)
  An orc wizard (D:6)
  An orc (D:6)
2 creatures vanquished.

Vanquished Creatures (others)
  2 fungi (D:1)
  3 plants (D:2)
  5 toadstools (D:1)
10 creatures vanquished.

Grand Total: 184 creatures vanquished

Notes
Turn   | Place    | Note
-------+----------+-------------------------------------------
     0 | D:1      | winsomniak the Human Wanderer began the quest for the Orb.
     0 | D:1      | winsomniak set off with the following items: a +0 vorpal
                  | shortbow, 29 arrows, a +0 ring mail; and the following
                  | spell memorised: Apportation; and the following spells
                  | available to memorise: Lesser Beckoning
     0 | D:1      | Reached XP level 1. HP: 13/13 MP: 3/3
   221 | D:1      | Reached XP level 2. HP: 19/19 MP: 5/5
   530 | D:1      | Reached XP level 3. HP: 10/24 MP: 6/6
  1674 | D:2      | Reached XP level 4. HP: 30/31 MP: 7/7
  2058 | D:2      | Found a faded altar of an unknown god.
  2330 | D:3      | Found an opulent altar of Gozag.
  2978 | D:3      | Noticed Ijyb
  2987 | D:3      | Paralysed by Ijyb for 7 turns
  3002 | D:3      | Paralysed by Ijyb for 2 turns
  3004 | D:3      | Killed Ijyb
  3005 | D:3      | Reached skill level 1 in Fighting
  3005 | D:3      | Reached skill level 1 in Dodging
  3005 | D:3      | Reached skill level 1 in Stealth
  3005 | D:3      | Reached XP level 5. HP: 31/37 MP: 7/9
  3284 | D:3      | Became a worshipper of Gozag Ym Sagoz the Greedy
  3395 | D:4      | Noticed a black bear
  3417 | D:4      | Killed a black bear
  3418 | D:4      | Reached skill level 1 in Axes
  3418 | D:4      | Reached XP level 6. HP: 26/43 MP: 10/10
  3810 | D:4      | Found a glowing drain.
  3814 | Sewer    | Entered a sewer
  4496 | D:4      | Reached XP level 7. HP: 40/49 MP: 11/11
  4898 | D:5      | Entered Level 5 of the Dungeon
  5178 | D:5      | Reached skill level 5 in Armour
  5207 | D:5      | HP: 2/50 [gnoll/+0 flail (11)]
  5691 | D:5      | Found Geunku's Assorted Antiques.
  5695 | D:5      | Bought a scroll labelled DURIS IMPOH for 25 gold pieces
  5695 | D:5      | Bought a scroll labelled FIWAMP OHOLUTZ for 25 gold pieces
  5695 | D:5      | Bought 2 lumpy cyan potions for 45 gold pieces
  5695 | D:5      | Bought a scroll labelled FIWAMP OHOLUTZ for 25 gold pieces
  5745 | D:5      | Found a glowing silver altar of Zin.
  5748 | D:5      | Noticed an angel
  5749 | D:5      | Found a burning altar of Makhleb.
  5750 | D:5      | Noticed an Executioner
  5784 | D:5      | Noticed Pikel
  6005 | D:5      | Gained mutation: Your body sometimes deteriorates upon
                  | taking damage. [potion of mutation]
  6005 | D:5      | Lost mutation: Your body sometimes deteriorates upon taking
                  | damage. [potion of mutation]
  6017 | D:5      | Found a shimmering blue altar of Sif Muna.
  6113 | D:5      | Reached XP level 8. HP: 12/57 MP: 13/13
  6353 | D:5      | Noticed Sigmund
  6367 | D:5      | Killed Sigmund
  6372 | D:5      | Learned a level 3 spell: Lesser Beckoning
  6559 | D:5      | You fall into a shaft and drop 2 floors!
  6758 | D:7      | Found a sparkling altar of Nemelex Xobeh.
  6764 | D:7      | Fell from the grace of Gozag
  6764 | D:7      | Became a worshipper of Nemelex Xobeh the Trickster
  6983 | D:7      | Found a staircase to the Ecumenical Temple.
  6988 | Temple   | Entered the Ecumenical Temple
  7840 | D:6      | Reached skill level 1 in Invocations
  8349 | D:7      | Found a broken altar of Ashenzari.
  8669 | D:5      | Killed Pikel
  8670 | D:5      | Reached skill level 5 in Bows
  8670 | D:5      | Reached XP level 9. HP: 53/65 MP: 13/15
  9220 | D:6      | Reached * piety under Nemelex Xobeh
  9236 | D:6      | Received a gift from Nemelex Xobeh
  9364 | D:6      | Found a shimmering altar of Xom.
  9682 | D:6      | Reached skill level 6 in Armour
 10148 | D:7      | Identified the +1 ring mail of Kunoevor {rF+ Regen+ Str-4
                  | Dex+4}
 10434 | D:7      | HP: 2/64 [steam dragon (5)]
 10436 | D:7      | Killed from afar by a steam dragon

Illustrated notes

Levels and vault maps discovered:
D:1:      roderic_crossed_star, layout_basic, minmay_gold_behind_fungi
D:2:      minmay_door_path, layout_basic, chequers_ecumenical_altar_lobes,
          minmay_tetromino_l4
D:3:      layout_basic, mainiacjoe_overflow_chevrons, uniq_ijyb
D:4:      layout_basic, gup_sewer_entry_spiral, nicolae_elevator_lobby_plus
D:5:      layout_basic, grunt_temple_overflow_order_and_chaos_2,
          nicolae_overflow_crystal_walls, serial_shops, shop, uniq_sigmund,
          uniq_pikel
D:6:      layout_cave_pods, xom_teletrap_fun
D:7:      layout_basic, mainiacjoe_overflow_six_doors_small,
          cheibrodos_ashenzari_chains, temple_green, serial_shops, shop
Temple:   nicolae_temple_figure_eight

Skill      XL: |  1  2  3  4  5  6  7  8  9 |
---------------+----------------------------+-----
Fighting       | 1 2 3 4 |  4.0
Dodging        | 1 2 3 4 |  4.0
Stealth        | 1 2 4 |  4.3
Axes           | 1 |  1.1
Translocations | 2 3 4 |  4.1
Spellcasting   | 3 4 |  4.4
Bows           | 4 5 |  5.0
Armour         | 5 6 |  6.0
Invocations    | 3 4 |  4.1
Maces & Flails | |  0.5
Polearms       | |  0.5

Action                   |  1- 3 |  4- 6 |  7- 9 || total
-------------------------+-------+-------+-------++-------
Melee: Unarmed           |     9 |       |       ||     9
       Dagger            |   171 |   176 |   279 ||   626
       War axe           |    15 |    33 |    43 ||    91
       Rapier            |       |    29 |       ||    29
       Punch             |       |     2 |     6 ||     8
       Great sword       |       |       |     8 ||     8
 Fire: Shortbow          |    16 |    24 |     7 ||    47
Throw: Boomerang         |       |       |    19 ||    19
 Cast: Lesser Beckoning  |       |       |     3 ||     3
Invok: Potion Petition   |       |     1 |       ||     1
       Draw Destruction  |       |       |     1 ||     1
       Draw Summoning    |       |       |     1 ||     1
Evoke: Wand              |       |       |    19 ||    19
  Use: Potion            |       |     3 |     8 ||    11
       Scroll            |       |       |     7 ||     7
 Stab: Paralysed         |       |       |    16 ||    16
Armor: Ring mail         |   122 |    70 |   168 ||   360
       Skin              |       |       |     3 ||     3
       Leather armour    |       |       |    18 ||    18
Dodge: Dodged            |   120 |   126 |   333 ||   579
